 Dungeon Crawl Stone Soup version 0.26-a0-1222-g14533b3512 (webtiles) character file.

Game seed: 1677391166759869161

2471 jestyr24 the Destroyer (level 9, -2/72 HPs)
             Began as a Grey Draconian Conjurer on Dec 31, 2020.
             Was a Follower of Vehumet.
             Slain by an ice beast (13 damage)
             ... on level 7 of the Dungeon.
             The game lasted 01:01:10 (6041 turns).

jestyr24 the Destroyer (Grey Draconian Conjurer)    Turns: 6041, Time: 01:01:11

Health: -2/72      AC: 19    Str:  9    XL:     9   Next: 26%
Magic:  27/27      EV: 12    Int: 23    God:    Vehumet [*.....]
Gold:   388        SH:  4    Dex:  9    Spells: 10/20 levels left

rFire    . . .     SeeInvis .   N - +4 spear (vorpal)
rCold    . . .     Faith    .   r - +0 buckler
rNeg     . . .     Spirit   .   (armour unavailable)
rPois    .         Reflect  .   (helmet restricted)
rElec    .         Harm     .   (no cloak)
rCorr    .         Rampage  .   o - +1 pair of gloves
Will     .....                  L - +0 pair of boots
Stlth    ++........             x - amulet of magic regeneration
HPRegen  0.22/turn              c - +4 ring of protection
MPRegen  0.45/turn              B - ring of magical power

@: marked, berserk cooldown, slowed, very slow
A: walk through water, unfitting armour, unbreathing, cold-blooded, AC +12
a: Renounce Religion


You were on level 7 of the Dungeon.
You worshipped Vehumet.
Vehumet was aware of your devotion.
You visited 2 branches of the dungeon, and saw 8 of its levels.
You also visited: Sewer.

You collected 388 gold pieces.

Inventory:

Hand Weapons
 h - a +2 dagger of electrocution
 G - a +2 hand axe of freezing
 I - a +1 mace of protection
 J - a +2 dagger of draining
 N - a +4 vorpal spear (weapon)
Missiles
 i - 241 stones
 l - 3 javelins
 H - 7 boomerangs
Armour
 o - a +1 pair of gloves (worn)
 r - a +0 buckler (worn)
 z - a +0 kite shield
 L - a +0 pair of boots (worn)
Jewellery
 c - a +4 ring of protection (left hand)
 g - an uncursed amulet of faith
 p - an uncursed ring of stealth
 s - an uncursed ring of protection from fire
 x - an amulet of magic regeneration (around neck)
 B - a ring of magical power (right hand)
Wands
 t - a wand of flame (18)
 F - a wand of paralysis (6)
 M - a wand of polymorph (12)
Scrolls
 a - a scroll of fear
 b - 13 scrolls of identify
 j - a scroll of amnesia
 n - 2 scrolls of teleportation
 u - a scroll of remove curse
 A - 2 scrolls of magic mapping {unknown}
 C - 2 scrolls of enchant armour {unknown}
Potions
 e - 3 potions of haste
 m - a potion of attraction {unknown}
 q - 4 potions of curing
 K - a potion of invisibility {unknown}


   Skills:
 * Level 4.3 Fighting
 - Level 1.1 Short Blades
 - Level 1.8 Dodging
 - Level 3.0 Stealth
 - Level 4.1 Shields
 + Level 6.4 Spellcasting
 + Level 8.1 Conjurations
 * Level 3.3 Hexes


You had 10 spell levels left.
You knew the following spells:

 Your Spells              Type           Power        Failure   Level
a - Magic Dart            Conj           100%         1%          1
b - Searing Ray           Conj           90%          1%          2
c - Dazzling Flash        Conj/Hex       66%          2%          3
d - Fulminant Prism       Conj/Hex       16%          8%          4

Your spell library contained the following spells:

 Spells                   Type           Power        Failure   Level
 Shock                    Conj/Air       100%         1%          1
 Iskenderun's Mystic Bla  Conj/Tloc      26%          16%         4


Dungeon Overview and Level Annotations

Branches:
Dungeon (7/15)             Temple (1/1) D:5           Sewer (visited)

Altars:
Ashenzari
Cheibriados
Fedhas
Gozag
Hepliaklqana
Kikubaaqudgha
Okawaru
Qazlal
Ru
Vehumet
Wu Jian
Xom
Yredelemnul
Zin
The Shining One

Shops:
D:7 !


Innate Abilities, Weirdness & Mutations

You can walk through water.
Your dull iron-grey scales are very hard. (AC +12)
You cannot fit into any form of body armour.
You can survive without breathing.
You are cold-blooded and may be slowed by cold attacks.


Message History

Press: ? - help, Shift-Dir - straight line, f - ice beast
Aim: an ice beast (will become an adder, a fire bat, or a wyvern, chance to affect: 46%)
The ice beast resists with some effort.
The ice beast barely misses you.
The ice beast hits you but does no damage.
Okay, then.
Casting: Fulminant Prism (dangerous; 8% risk of failure)
Confirm with . or Enter, or press ? or * to list all spells.
The ice beast is dazzled.
The ice beast barely misses you. You block the ice beast's attack.
The ice beast hits you but does no damage.
Found a stone staircase leading up.
The ice beast is no longer blind.
The ice beast misses you. The ice beast misses you.
You block the ice beast's attack.
There is a stone staircase leading up here.
The ice beast hits you but does no damage.
The ice beast hits you.
* * * LOW HITPOINT WARNING * * *
The ice beast freezes you!
You die...

### #..
#.# #.#
##.# #.@#
#.Y# #..#
#.# #..#
#.# #..#
#.#
#..###.##
#........
#.####.##
####
#.####)#
......


You could see an ice beast.

Vanquished Creatures
  Harold (D:7)
  A water moccasin (Sewer)
  A black bear (D:6)
  2 ice beasts
  A sky beast (D:6)
  An orc warrior (D:6)
  2 phantoms (D:7)
  2 ogres
  A necrophage (D:6)
  A centaur (D:7)
  A bullfrog (D:6)
  A gnoll sergeant (D:7)
  4 hounds
  2 orc wizards
  3 worker ants
  A killer bee zombie (D:7)
  A hound skeleton (D:5)
  A worker ant zombie (D:5)
  8 adders
  4 gnolls
  2 white imps
  2 ufetubi
  4 worms
  4 dart slugs
  6 leopard geckos
  19 orcs
  6 bats
  8 giant cockroaches
  12 goblins
  5 hobgoblins
  11 jackals
  5 quokkas
  6 ball pythons
  2 frilled lizards
  A giant cockroach zombie (D:5)
  2 jackal skeletons
  10 kobolds
  A leopard gecko zombie (D:5)
  7 rats
152 creatures vanquished.

Vanquished Creatures (others)
  9 fulminant prisms
9 creatures vanquished.

Grand Total: 161 creatures vanquished

Notes
Turn   | Place    | Note
-------+----------+-------------------------------------------
     0 | D:1      | jestyr24 the Draconian Conjurer began the quest for the
                  | Orb.
     0 | D:1      | Reached XP level 1. HP: 14/14 MP: 3/3
   370 | D:1      | Reached XP level 2. HP: 20/20 MP: 3/5
   693 | D:1      | Reached XP level 3. HP: 26/26 MP: 1/6
   956 | D:1      | Reached skill level 5 in Conjurations
  1294 | D:2      | Found an ancient bone altar of Kikubaaqudgha.
  1297 | D:2      | Found an ornate altar of the Wu Jian Council.
  1346 | D:2      | Found a basalt altar of Yredelemnul.
  1368 | D:2      | Reached XP level 4. HP: 27/33 MP: 7/7
  1860 | D:2      | Learned a level 2 spell: Searing Ray
  2149 | D:3      | Reached skill level 1 in Short Blades
  2824 | D:4      | Reached XP level 5. HP: 39/39 MP: 6/9
  2847 | D:4      | Reached skill level 1 in Fighting
  3591 | D:4      | Learned a level 3 spell: Dazzling Flash
  3596 | D:4      | Learned a level 4 spell: Fulminant Prism
  3623 | D:5      | Entered Level 5 of the Dungeon
  3851 | D:5      | Found a broken altar of Ashenzari.
  3851 | D:5      | Found a blossoming altar of Fedhas.
  3862 | D:5      | Found a faded altar of an unknown god.
  3864 | D:5      | Found a stormy altar of Qazlal.
  3865 | D:5      | Found a faded altar of an unknown god.
  3928 | D:5      | Reached XP level 6. HP: 48/48 MP: 10/10
  4123 | D:5      | Found a staircase to the Ecumenical Temple.
  4256 | Temple   | Entered the Ecumenical Temple
  4287 | Temple   | Became a worshipper of Vehumet
  4409 | D:5      | Reached skill level 1 in Hexes
  4670 | D:5      | Noticed an ice beast
  4675 | D:5      | Killed an ice beast
  4676 | D:5      | Reached skill level 6 in Conjurations
  4676 | D:5      | Your scales start taking on a dull iron-grey colour.
  4676 | D:5      | Reached XP level 7. HP: 56/56 MP: 12/12
  4676 | D:5      | Gained mutation: You can survive without breathing. [Grey
                  | Draconian growth]
  4874 | D:6      | Reached skill level 5 in Spellcasting
  4874 | D:6      | Reached skill level 7 in Conjurations
  4874 | D:6      | Reached XP level 8. HP: 63/63 MP: 14/15
  5217 | D:6      | Found a snail-covered altar of Cheibriados.
  5284 | D:6      | Found a shimmering altar of Xom.
  5321 | D:6      | Found a glowing drain.
  5332 | Sewer    | Entered a sewer
  5339 | Sewer    | Reached * piety under Vehumet
  5339 | Sewer    | Offered knowledge of Shock by Vehumet.
  5987 | D:7      | Found Ciaf's Distillery.
  6001 | D:7      | Noticed Harold
  6017 | D:7      | Killed Harold
  6018 | D:7      | Reached skill level 8 in Conjurations
  6018 | D:7      | Reached XP level 9. HP: 10/71 MP: 18/18
  6041 | D:7      | Slain by an ice beast

Illustrated notes

Levels and vault maps discovered:
D:1:      mrwooster_arrival_statue_3, layout_loops_cross
D:2:      layout_loops_ring, yredelemnul_altar_generic, minitemple
D:3:      layout_loops_cross, minmay_goblin_kobold_house
D:4:      layout_loops_cross, minmay_hedge_maze
D:5:      layout_loops_corners, chequers_temple_overflow_minitemple,
          minmay_temple_entry_wispy, kennysheep_decorative_pillar
D:6:      kennysheep_spiral_hall, layout_rooms, marbit_many_paths, basic_altar,
          cheibrodos_sewer_entry_bend
D:7:      layout_basic, serial_shops, shop, uniq_harold
Temple:   nicolae_temple_great_sept

Skill      XL: |  1  2  3  4  5  6  7  8 |
---------------+-------------------------+-----
Stealth        | 2 3 |  3.0
Conjurations   | 5 6 7 8 |  8.1
Short Blades   | 1 |  1.1
Fighting       | 1 2 3 4 |  4.3
Spellcasting   | 3 5 6 |  6.4
Hexes          | 1 2 3 |  3.3
Shields        | 4 |  4.1
Dodging        | |  1.8

Action                   |  1- 3 |  4- 6 |  7- 9 || total
-------------------------+-------+-------+-------++-------
Melee: Unarmed           |     3 |       |       ||     3
       Dagger            |    85 |    96 |    32 ||   213
       Tailslap          |     9 |     6 |     5 ||    20
       Spear             |       |       |    19 ||    19
 Cast: Magic Dart        |    24 |    39 |    14 ||    77
       Searing Ray       |       |    26 |    28 ||    54
       Dazzling Flash    |       |       |     2 ||     2
       Fulminant Prism   |       |       |     9 ||     9
Evoke: Wand              |       |       |     1 ||     1
  Use: Scroll            |       |     1 |     7 ||     8
       Potion            |       |       |     1 ||     1
 Stab: Sleeping          |     3 |    10 |       ||    13
       Distracted        |       |       |     1 ||     1
Armor: Skin              |    36 |    50 |    43 ||   129
Dodge: Dodged            |    63 |    57 |    59 ||   179
Block: Buckler           |       |       |     4 ||     4

Table legend: (Time is in decaauts)
 A = Elapsed time spent in this place.
 B = Non-inter-level travel time spent in this place.
 C = Inter-level travel time spent in this place.
 D = Time resting spent in this place.
 E = Time spent auto-exploring this place.
 F = Levels seen in this place.
 G = Mean time per level.
                   A        B        C        D        E       F      G
               +--------+--------+--------+--------+--------+-----+--------+
         Total |   6041 |   5863 |    178 |    703 |   3139 |   9 |  671.2 |
       Dungeon |   5800 |   5622 |    178 |    645 |   3116 |   7 |  828.6 |
        Temple |     42 |     42 |      0 |      0 |     23 |   1 |   42.0 |
         Sewer |    198 |    198 |      0 |     58 |      0 |   1 |  198.0 |
               +--------+--------+--------+--------+--------+-----+--------+

Top non-repeatable levels by time:
     D:1: 1108 daAuts
     D:5: 1045 daAuts
     D:4: 922 daAuts
     D:3: 804 daAuts
     D:2: 781 daAuts
     D:6: 702 daAuts
     D:7: 436 daAuts
   Sewer: 198 daAuts
  Temple: 42 daAuts
